[Event "42nd Olympiad Baku 2016 Women"]
[Site "Baku"]
[Date "2016.09.02"]
[Round "1.7"]
[White "Quevedo, Andreina"]
[Black "Martinez, Ayelen"]
[Result "0-1"]
[ECO "B92"]
[WhiteElo "1699"]
[BlackElo "2219"]
[PlyCount "50"]
[EventDate "2016.??.??"]
[EventCountry "AZE"]
[WhiteTeam "Uruguay"]
[BlackTeam "Argentinien"]
[WhiteTeamCountry "URU"]
[BlackTeamCountry "ARG"]
[TimeControl "40/5400+30:1800+30"]
[WhiteClock "0:13:16"]
[BlackClock "0:55:48"]

1. e4 {(00:00} c5 {(00:00} 2. Nf3 {(00:00} d6 {(
00:00} 3. d4 {(00:02} cxd4 {(00:00} 4. Nxd4 {(00:06}
Nf6 {(00:00} 5. Nc3 {(00:24} a6 {(00:00} 6. Be2 {
(00:54} e5 {(00:02} 7. Nb3 {(00:33} Be7 {(00:05]
} 8. O-O {(01:27} Be6 {(00:04} 9. Be3 {(01:52} Nbd7 {
(00:30} 10. f4 {(01:22} Qc7 {(00:09} 11. f5 {(
01:07} Bc4 {(00:10} 12. Bxc4 {(00:13} Qxc4 {(00:06}
13. Qf3 {(02:35} b5 {(10:04} 14. Nd2 {(04:39} Qc6 {
(04:38} 15. a3 {(16:24} Nb6 {(05:30} 16. Rfd1 {(
13:26} O-O {(03:28} 17. g4 {(03:50} d5 {(02:18} 18. g5
{(12:31} d4 {(00:52} 19. gxf6 {(00:16} Bxf6 {(
00:22} 20. Nd5 {(05:50} dxe3 {(01:42} 21. Nxf6+ {(04:
28} Qxf6 {(00:06} 22. Qxe3 {(00:18} Rac8 {(01:19} 23.
Rac1 {(01:19} Na4 {(06:01} 24. Qb3 {(05:06} Qh4 {
(09:03} 25. Re1 {(10:32} Qg5+ {(00:13} 0-1

[Event "42nd Olympiad Baku 2016 Women"]
[Site "Baku"]
[Date "2016.09.02"]
[Round "1.7"]
[White "Raeva, Elitsa"]
[Black "Barrett, Ariel"]
[Result "1-0"]
[ECO "D18"]
[WhiteElo "2232"]
[BlackElo "1763"]
[PlyCount "49"]
[EventDate "2016.??.??"]
[EventCountry "AZE"]
[WhiteTeam "Bulgarien"]
[BlackTeam "Jamaika"]
[WhiteTeamCountry "BUL"]
[BlackTeamCountry "JAM"]
[TimeControl "40/5400+30:1800+30"]
[WhiteClock "0:17:57"]
[BlackClock "0:07:40"]

1. d4 {(00:00} d5 {(00:00} 2. c4 {(00:00} c6 {(
00:00} 3. Nf3 {(00:10} Nf6 {(00:00} 4. Nc3 {(00:31}
dxc4 {(00:00} 5. a4 {(00:14} Bf5 {(00:00} 6. e3 {
(00:47} e6 {(00:00} 7. Bxc4 {(00:35} Bb4 {(00:
03} 8. O-O {(01:05} Nbd7 {(00:06} 9. h3 {(03:40} O-O {
(02:22} 10. Qe2 {(00:10} Bg6 {(01:13} 11. Rd1 {(
09:10} Qe7 {(07:56} 12. Bd3 {(38:11} Bxd3 {(07:13} 13.
Qxd3 {(00:44} Rfd8 {(10:07} 14. Bd2 {(06:34} e5 {
(18:20} 15. Qf5 {(03:19} g6 {(14:38} 16. Qc2 {(
04:09} e4 {(00:41} 17. Nxe4 {(04:31} Nxe4 {(07:13} 18.
Bxb4 {(00:11} Qxb4 {(00:05} 19. Qxe4 {(00:10} Qxb2 {
(00:17} 20. Qe7 {(03:04} Nf8 {(10:33} 21. Ne5 {(
01:11} Qb3 {(00:45} 22. Rab1 {(01:04} Qd5 {(03:22} 23.
Rxb7 {(01:03} c5 {(05:38} 24. Nxf7 {(03:43} Rd7 {
(03:48} 25. Nh6+ {(00:17} 1-0

[Event "42nd Olympiad Baku 2016 Women"]
[Site "Baku"]
[Date "2016.09.02"]
[Round "1.5"]
[White "Ramirez, Maria Eugenia"]
[Black "Almeraj, Etedal"]
[Result "1-0"]
[ECO "C46"]
[WhiteElo "2104"]
[BlackElo "1072"]
[PlyCount "41"]
[EventDate "2016.??.??"]
[EventCountry "AZE"]
[WhiteTeam "Bolivien"]
[BlackTeam "Kuwait"]
[WhiteTeamCountry "BOL"]
[BlackTeamCountry "KUW"]
[TimeControl "40/5400+30:1800+30"]
[WhiteClock "1:26:26"]
[BlackClock "0:34:38"]

1. e4 {(00:00} e5 {(00:00} 2. Nf3 {(00:30} Nc6 {
(00:12} 3. Nc3 {(00:09} Bb4 {(00:45} 4. Nd5 {(
00:33} Bc5 {(02:26} 5. Nxe5 {(03:21} Nxe5 {(03:02} 6.
d4 {(00:11} Nc4 {(02:32} 7. Bxc4 {(00:49} Bd6 {(
05:42} 8. e5 {(01:11} Bxe5 {(01:19} 9. dxe5 {(00:10}
d6 {(04:27} 10. exd6 {(00:36} cxd6 {(00:13} 11. O-O {
(00:31} Bf5 {(03:23} 12. Re1+ {(00:29} Kf8 {(00:
30} 13. Bf4 {(00:57} h6 {(08:06} 14. Nc7 {(00:39} Ne7
{(04:09} 15. Bxd6 {(01:27} g5 {(07:07} 16. Bxe7+ {
(00:18} Qxe7 {(01:05} 17. Rxe7 {(00:13} Kxe7 {(
01:33} 18. Qd5 {(00:20} Raf8 {(05:00} 19. Qxf5 {(00:50]
} b5 {(04:47} 20. Rd1 {(00:20} bxc4 {(09:04} 21. Rd7#
1-0

[Event "42nd Olympiad Baku 2016 Women"]
[Site "Baku"]
[Date "2016.09.02"]
[Round "1.13"]
[White "Ranasinghe, S D."]
[Black "Tsolakidou, Stavroula"]
[Result "0-1"]
[ECO "A05"]
[WhiteElo "1731"]
[BlackElo "2355"]
[PlyCount "67"]
[EventDate "2016.??.??"]
[EventCountry "AZE"]
[WhiteTeam "Sri Lanka"]
[BlackTeam "Griechenland"]
[WhiteTeamCountry "SRI"]
[BlackTeamCountry "GRE"]
[TimeControl "40/5400+30:1800+30"]
[WhiteClock "0:02:19"]
[BlackClock "0:10:25"]

1. Nf3 {(00:00} Nf6 {(00:00} 2. b3 {(00:00} d5 {
(00:23} 3. Bb2 {(00:07} Bf5 {(02:17} 4. g3 {(05:
36} e6 {(01:26} 5. Bg2 {(00:42} h6 {(00:36} 6. O-O {
(02:26} Be7 {(00:35} 7. d3 {(00:29} O-O {(00:38]
} 8. Nbd2 {(00:57} Bh7 {(02:09} 9. Ne5 {(07:46} Nbd7 {
(03:30} 10. e4 {(06:24} Nxe5 {(10:57} 11. Bxe5 {
(00:09} c6 {(02:52} 12. g4 {(03:17} dxe4 {(09:
53} 13. dxe4 {(03:25} Bb4 {(03:24} 14. c3 {(05:30} Bd6
{(02:40} 15. Bd4 {(07:07} Bf4 {(02:56} 16. e5 {(
15:24} Nd7 {(10:38} 17. Nc4 {(05:17} Qg5 {(09:26} 18.
Qe2 {(03:17} b5 {(06:26} 19. Bxc6 {(10:09} bxc4 {
(01:49} 20. Bxa8 {(00:28} Rxa8 {(04:24} 21. Qf3 {
(00:24} Rf8 {(01:36} 22. Rfe1 {(03:33} Nxe5 {(
02:43} 23. Bxe5 {(00:18} Bxe5 {(00:04} 24. h3 {(05:34}
h5 {(01:58} 25. bxc4 {(02:45} hxg4 {(00:21} 26. hxg4 {
(00:15} Bf4 {(02:22} 27. Kf1 {(01:03} e5 {(00:
31} 28. Rad1 {(01:08} e4 {(06:46} 29. Qh3 {(01:32} f5
{(01:21} 30. gxf5 {(02:28} Bxf5 {(00:23} 31. Qg2 {
(00:13} Qh6 {(00:27} 32. Kg1 {(04:07} Rf6 {(00:
19} 33. Rxe4 {(02:21} Rg6 {(00:15} 34. Re8+ 0-1

[Event "42nd Olympiad Baku 2016 Women"]
[Site "Baku"]
[Date "2016.09.02"]
[Round "1.22"]
[White "Rania, Sbai"]
[Black "Hoang, Thi Bao Tram"]
[Result "0-1"]
[ECO "D18"]
[WhiteElo "1907"]
[BlackElo "2325"]
[PlyCount "88"]
[EventDate "2016.??.??"]
[EventCountry "AZE"]
[WhiteTeam "Marokko"]
[BlackTeam "Vietnam"]
[WhiteTeamCountry "MAR"]
[BlackTeamCountry "VIE"]
[TimeControl "40/5400+30:1800+30"]
[WhiteClock "0:42:58"]
[BlackClock "0:31:12"]

1. d4 {(01:39} d5 {(00:00} 2. c4 {(00:26} c6 {(
00:01} 3. Nc3 {(00:08} Nf6 {(00:12} 4. Nf3 {(00:30}
dxc4 {(00:53} 5. a4 {(02:47} Bf5 {(00:27} 6. e3 {
(00:17} e6 {(00:21} 7. Bxc4 {(00:28} Bb4 {(00:
21} 8. Bd2 {(04:23} O-O {(00:41} 9. O-O {(00:23} Qe7 {
(03:47} 10. Re1 {(09:14} Bg6 {(02:47} 11. Qb3 {(
04:37} a5 {(02:03} 12. Na2 {(02:04} Bd6 {(02:16} 13.
Nc3 {(06:19} Bh5 {(06:00} 14. Be2 {(10:22} Na6 {
(17:57} 15. e4 {(00:58} Bxf3 {(02:00} 16. Bxf3 {
(00:37} e5 {(00:31} 17. d5 {(01:37} h6 {(03:55}
18. Be3 {(07:13} Nb4 {(04:39} 19. Rad1 {(06:07} Rfe8 {
(01:11} 20. g3 {(02:38} Nd7 {(04:40} 21. Rd2 {(
02:20} Nc5 {(03:44} 22. Qc4 {(05:30} Rac8 {(07:36} 23.
Red1 {(00:43} Nca6 {(12:59} 24. Qe2 {(01:57} Rcd8 {
(07:20} 25. Bb6 {(05:44} Bc7 {(01:04} 26. Bxc7 {
(00:40} Qxc7 {(00:10} 27. d6 {(00:10} Qb6 {(00:
49} 28. Qc4 {(01:48} Qc5 {(01:44} 29. Be2 {(00:44}
Qxc4 {(01:37} 30. Bxc4 {(00:15} Nc5 {(00:07} 31. f4 {
(00:21} Rd7 {(01:50} 32. Rf1 {(02:43} exf4 {(03:
57} 33. Rxf4 {(01:28} Ne6 {(01:43} 34. Rf3 {(01:42}
Ng5 {(02:45} 35. Re3 {(00:11} Re5 {(00:21} 36. h4 {
(00:58} Ne6 {(00:14} 37. Bxe6 Rxe6 {(00:31} 38. e5 {
(01:12} f6 {(01:25} 39. Kf2 {(04:30} fxe5 {(01:
26} 40. Ne4 {(00:00} b6 {(00:00} 41. Rc3 {(00:45} Re8
{(02:01} 42. Kf3 {(01:06} Kf7 {(01:35} 43. Kg4 {
(00:24} Ke6 {(00:29} 44. Kh5 {(01:04} Kf5 {(00:
39} 0-1

[Event "42nd Olympiad Baku 2016 Women"]
[Site "Baku"]
[Date "2016.09.02"]
[Round "1.5"]
[White "Rapport, Jovana"]
[Black "Smith, Javanna"]
[Result "1-0"]
[ECO "E70"]
[WhiteElo "2318"]
[BlackElo "1759"]
[PlyCount "33"]
[EventDate "2016.??.??"]
[EventCountry "AZE"]
[WhiteTeam "Serbien"]
[BlackTeam "TTO"]
[WhiteTeamCountry "SRB"]
[TimeControl "40/5400+30:1800+30"]
[WhiteClock "1:27:07"]
[BlackClock "0:14:06"]

1. d4 {(00:00} Nf6 {(00:00} 2. c4 {(00:00} g6 {(
00:00} 3. Nc3 {(00:00} Bg7 {(00:00} 4. e4 {(00:01} d6
{(00:03} 5. Nge2 {(00:04} Nbd7 {(00:08} 6. Ng3 {
(00:29} e5 {(03:09} 7. d5 {(00:07} Nb6 {(08:08}
8. h4 {(01:25} h5 {(03:26} 9. Bg5 {(01:07} c5 {(
08:22} 10. dxc6 {(02:46} bxc6 {(00:08} 11. Qd2 {(00:04]
} Be6 {(24:54} 12. Rd1 {(01:01} Bf8 {(12:12} 13. c5 {
(01:00} Nc8 {(10:07} 14. Ba6 {(00:48} d5 {(05:
43} 15. exd5 {(01:47} Bxd5 {(00:55} 16. Nxd5 {(00:14}
cxd5 {(06:39} 17. Bb5+ 1-0

[Event "42nd Olympiad Baku 2016 Women"]
[Site "Baku"]
[Date "2016.09.02"]
[Round "1.1"]
[White "Real Pereyra, Diana Carime"]
[Black "Szekely, Olga"]
[Result "1-0"]
[ECO "B08"]
[WhiteElo "2136"]
[BlackElo "1754"]
[PlyCount "93"]
[EventDate "2016.??.??"]
[EventCountry "AZE"]
[WhiteTeam "Mexiko"]
[BlackTeam "GUM"]
[WhiteTeamCountry "MEX"]
[TimeControl "40/5400+30:1800+30"]
[WhiteClock "0:32:12"]
[BlackClock "0:05:07"]

1. e4 {(00:00} d6 {(00:00} 2. d4 {(00:00} Nf6 {(
00:00} 3. Nc3 {(00:00} g6 {(00:10} 4. Nf3 {(00:15} Bg7
{(00:13} 5. Bc4 {(00:13} O-O {(00:13} 6. Qe2 {(
00:13} Bg4 {(07:38} 7. h3 {(10:14} Bxf3 {(01:31} 8.
Qxf3 {(03:17} Nc6 {(01:46} 9. Ne2 {(01:50} e5 {(
03:36} 10. d5 {(02:50} Nd4 {(08:53} 11. Nxd4 {(00:44}
exd4 {(00:10} 12. O-O {(00:50} Nd7 {(02:08} 13. Qg3 {
(03:41} Kh8 {(13:40} 14. Bd2 {(05:42} Ne5 {(08:
49} 15. Bb3 {(02:03} f5 {(01:52} 16. Rae1 {(01:45} b5
{(07:05} 17. Bc1 {(15:47} a5 {(03:15} 18. a4 {(
09:41} bxa4 {(03:11} 19. Bxa4 {(01:33} Rb8 {(01:00}
20. f4 {(00:57} Nc4 {(02:01} 21. b3 {(00:37} Rb4 {
(07:49} 22. Kh1 {(05:00} Ne3 {(03:01} 23. Bxe3 {
(01:03} dxe3 {(00:19} 24. Rxe3 {(00:05} Rxe4 {(
01:05} 25. Rxe4 {(05:36} fxe4 {(00:09} 26. Qe3 {(06:07]
} g5 {(03:50} 27. f5 {(04:49} Qe7 {(01:07} 28. Bc6 {
(00:11} h6 {(01:52} 29. g4 {(01:17} Qe5 {(00:35]
} 30. Re1 {(00:44} Qb2 {(04:11} 31. Qxe4 {(01:05} Qc3 {
(00:27} 32. Kg2 {(06:29} Be5 {(01:05} 33. Re3 {(
00:25} Qd2+ {(03:26} 34. Re2 {(00:03} Qc1 {(01:25} 35.
Bb5 {(05:06} Qb2 {(03:54} 36. Bd3 {(00:52} Qd4 {
(01:10} 37. Qxd4 {(00:28} Bxd4 {(01:07} 38. Re7 {
(00:26} Bb6 {(00:13} 39. Bb5 {(00:22} Rf6 {(02:
47} 40. Be8 {(00:00} Kg8 {(00:00} 41. Bg6 {(03:50} Rf8
{(05:16} 42. Kf3 {(02:41} a4 {(01:13} 43. bxa4 {
(00:02} Ra8 {(00:35} 44. f6 {(01:39} Rf8 {(23:
38} 45. Rg7+ {(00:12} Kh8 {(00:13} 46. Rh7+ {(00:04}
Kg8 {(00:15} 47. f7+ 1-0

[Event "42nd Olympiad Baku 2016 Women"]
[Site "Baku"]
[Date "2016.09.02"]
[Round "1.9"]
[White "Reizniece-Ozola, Dana"]
[Black "Wang, Chengjia"]
[Result "1-0"]
[ECO "A13"]
[WhiteElo "2243"]
[BlackElo "2017"]
[PlyCount "109"]
[EventDate "2016.??.??"]
[EventCountry "AZE"]
[WhiteTeam "Lettland"]
[BlackTeam "Korea"]
[WhiteTeamCountry "LAT"]
[BlackTeamCountry "KOR"]
[TimeControl "40/5400+30:1800+30"]
[WhiteClock "0:35:10"]
[BlackClock "0:28:59"]

1. c4 {(00:00} e6 {(00:00} 2. Nf3 {(00:00} d5 {(
00:00} 3. e3 {(00:10} Nf6 {(00:07} 4. Nc3 {(00:24} c5
{(01:38} 5. cxd5 {(03:39} exd5 {(03:37} 6. d4 {(
00:07} c4 {(02:57} 7. Be2 {(01:18} a6 {(04:06} 8. a4 {
(05:39} Nc6 {(03:25} 9. O-O {(00:57} Na5 {(05:
31} 10. Nd2 {(04:12} Qb6 {(04:12} 11. e4 {(03:52} Qxd4
{(05:57} 12. exd5 {(03:07} Nxd5 {(06:52} 13. Nxd5 {
(05:10} Qxd5 {(00:06} 14. Nxc4 {(04:06} Qxd1 {(
01:14} 15. Rxd1 {(00:11} Nxc4 {(00:35} 16. Bxc4 {(00:
07} Be6 {(07:07} 17. Re1 {(03:49} Kd7 {(10:19} 18.
Bxe6+ {(08:42} fxe6 {(00:05} 19. Bf4 {(05:41} Bc5 {
(01:31} 20. Rad1+ {(03:08} Ke8 {(07:15} 21. b4 {
(11:25} Bxb4 {(06:27} 22. Rxe6+ {(00:09} Kf7 {(
00:06} 23. Rb6 {(01:50} Rhd8 {(03:21} 24. Rxb7+ {(00:
52} Kg8 {(00:24} 25. Rxd8+ {(07:58} Rxd8 {(00:05} 26.
g3 {(04:07} Bc3 {(03:42} 27. Rc7 {(05:06} Bd4 {(
06:13} 28. Kg2 {(01:38} Rf8 {(02:15} 29. h4 {(04:28}
Rf6 {(03:11} 30. Rc4 {(01:58} Bb6 {(00:49} 31. g4 {
(00:54} Kf7 {(02:48} 32. Kg3 {(01:11} a5 {(04:
40} 33. f3 {(03:30} Re6 {(03:12} 34. Bc7 {(01:31}
Bxc7+ {(01:14} 35. Rxc7+ {(00:01} Kf8 {(00:05} 36. Ra7
{(01:24} Re5 {(00:10} 37. Kf4 {(00:08} Rc5 {(00:
15} 38. Ke3 {(01:02} Rc3+ {(00:15} 39. Ke2 {(00:20}
Rc5 {(01:26} 40. Kd3 {(00:00} h5 {(00:00} 41. Kd4 {
(01:13} Rc1 {(02:38} 42. Rxa5 {(00:41} hxg4 {(
00:30} 43. fxg4 {(00:11} Rg1 {(00:32} 44. Rg5 {(00:24}
Ra1 {(00:10} 45. a5 {(00:08} Ra4+ {(00:30} 46. Kc3 {
(00:18} Kf7 {(00:35} 47. Kb3 {(00:57} Ra1 {(00:
04} 48. h5 {(00:10} Kf6 {(03:49} 49. Rg6+ {(00:44} Kf7
{(00:04} 50. Kb4 {(00:17} Rb1+ {(00:38} 51. Kc5 {
(00:01} Rc1+ {(00:23} 52. Kb6 {(00:13} Rb1+ {(
00:04} 53. Ka7 {(02:39} Ra1 {(00:39} 54. a6 {(00:05}
Ra4 {(00:13} 55. Kb7 {(00:28} 1-0

[Event "42nd Olympiad Baku 2016 Women"]
[Site "Baku"]
[Date "2016.09.02"]
[Round "1.19"]
[White "Rivera, Ingris"]
[Black "Song, Kate"]
[Result "1-0"]
[ECO "D31"]
[WhiteElo "2201"]
[BlackElo "1681"]
[PlyCount "101"]
[EventDate "2016.??.??"]
[EventCountry "AZE"]
[WhiteTeam "Kolumbien"]
[BlackTeam "Neuseeland"]
[WhiteTeamCountry "COL"]
[BlackTeamCountry "NZL"]
[TimeControl "40/5400+30:1800+30"]
[WhiteClock "0:58:17"]
[BlackClock "1:06:44"]

1. d4 d5 2. c4 e6 3. Nc3 Be7 4. Nf3 Nf6 5. cxd5 exd5 6. Bg5 O-O {(02:30]
} 7. e3 {(06:12} h6 {(00:22} 8. Bh4 {(00:00} b6 {
(02:04} 9. Be2 {(00:00} Bb7 {(01:00} 10. O-O {(
00:00} Nbd7 {(00:47} 11. Rc1 {(00:09} c5 {(01:41} 12.
Bg3 {(10:11} a6 {(06:59} 13. dxc5 {(02:36} bxc5 {
(02:25} 14. Nh4 {(10:25} Nb6 {(07:58} 15. Nf5 {(
01:28} Re8 {(00:17} 16. Nxe7+ {(01:11} Rxe7 {(00:11}
17. Bf3 {(06:07} d4 {(02:56} 18. Bxb7 {(02:42} Rxb7 {
(00:04} 19. exd4 {(02:11} cxd4 {(00:05} 20. Nb1 {
(01:27} Rc8 {(05:55} 21. Qd3 {(00:49} Rd7 {(05:
22} 22. Nd2 {(01:59} Nh5 {(03:08} 23. Nf3 {(13:51}
Nxg3 {(00:52} 24. hxg3 {(00:34} Rxc1 {(02:14} 25. Rxc1
{(00:05} a5 {(01:45} 26. Qa6 {(06:45} d3 {(02:
01} 27. Qxa5 {(02:02} d2 {(00:37} 28. Rd1 {(00:07} Nc4
{(01:15} 29. Qxd8+ {(00:10} Rxd8 {(00:05} 30. b3 {
(00:11} Nb6 {(03:13} 31. Rxd2 {(00:06} Ra8 {(00:
13} 32. Rd6 {(01:18} Na4 {(01:22} 33. bxa4 {(00:30}
Rxa4 {(00:04} 34. Rd7 {(01:56} f6 {(00:41} 35. Nh4 {
(00:59} Rxa2 {(00:00} 36. Nf5 {(00:02} Ra5 {(00:
03} 37. g4 {(00:24} Kh8 {(00:00} 38. Nxg7 {(00:00} Rg5
{(00:00} 39. Nh5 {(00:00} Rg6 {(00:00} 40. Rf7 {
(00:00} Kg8 {(00:00} 41. Rxf6 {(02:57} Rg5 {(12:
54} 42. Rxh6 {(01:00} Kf7 {(00:44} 43. Kh2 {(00:16}
Rd5 {(00:43} 44. Kh3 {(00:23} Rd3+ {(00:15} 45. Kh4 {
(00:10} Rd2 {(00:22} 46. Rh7+ {(01:51} Kf8 {(00:
17} 47. Kg5 {(01:12} Rd6 {(00:28} 48. Ra7 {(00:49} Rd8
{(00:29} 49. Rg7 {(00:47} Ke8 {(00:30} 50. Kg6 {
(00:30} Rd5 {(03:25} 51. f4 {(00:51} 1-0

[Event "42nd Olympiad Baku 2016 Women"]
[Site "Baku"]
[Date "2016.09.02"]
[Round "1.18"]
[White "Roberts, Lynda"]
[Black "Yildiz, Betul Cemre"]
[Result "0-1"]
[ECO "B24"]
[WhiteElo "1888"]
[BlackElo "2369"]
[PlyCount "62"]
[EventDate "2016.??.??"]
[EventCountry "AZE"]
[WhiteTeam "Wales"]
[BlackTeam "Türkei"]
[WhiteTeamCountry "WLS"]
[BlackTeamCountry "TUR"]
[TimeControl "40/5400+30:1800+30"]
[WhiteClock "0:17:49"]
[BlackClock "0:28:21"]

1. e4 {(00:00} c5 {(00:00} 2. Nc3 {(00:00} Nc6 {
(00:00} 3. g3 {(00:06} g6 {(00:33} 4. Bg2 {(00:
17} Bg7 {(00:20} 5. d3 {(00:40} Rb8 {(00:47} 6. Be3 {
(01:03} d6 {(00:41} 7. Qd2 {(01:19} e6 {(03:24}
8. Nd1 {(02:45} b5 {(02:14} 9. c3 {(00:55} b4 {(
02:56} 10. f4 {(02:11} Nge7 {(02:57} 11. Nf3 {(01:15}
bxc3 {(03:38} 12. bxc3 {(04:16} Qa5 {(00:15} 13. O-O {
(06:50} O-O {(02:50} 14. g4 {(09:58} f5 {(00:40]
} 15. exf5 {(06:05} gxf5 {(03:29} 16. g5 {(01:46} Nd5 {
(04:46} 17. Rc1 {(02:29} Nxe3 {(12:59} 18. Nxe3 {
(01:36} d5 {(00:34} 19. Qc2 {(13:36} Qa3 {(04:
32} 20. Rf2 {(05:49} Ba6 {(01:06} 21. h4 {(08:43} Bxd3
{(00:56} 22. Qd2 {(01:35} Qxc1+ {(08:38} 23. Qxc1 {
(01:20} Rb1 {(00:06} 24. Qxb1 {(00:38} Bxb1 {(
00:03} 25. Nd2 {(03:54} Bxa2 {(07:05} 26. c4 {(00:43}
Bd4 {(03:13} 27. Ndf1 {(03:10} Nb4 {(02:53} 28. cxd5 {
(01:23} Bxd5 {(00:21} 29. Bxd5 {(01:40} Nxd5 {(
01:50} 30. Rf3 {(00:34} e5 {(02:26} 31. Kg2 {(01:05}
Nxf4+ {(00:57} 0-1

[Event "42nd Olympiad Baku 2016 Women"]
[Site "Baku"]
[Date "2016.09.02"]
[Round "1.17"]
[White "Rodriguez Rueda, Paula Andrea"]
[Black "Milligan, Helen"]
[Result "1-0"]
[ECO "E87"]
[WhiteElo "2326"]
[BlackElo "2040"]
[PlyCount "99"]
[EventDate "2016.??.??"]
[EventCountry "AZE"]
[WhiteTeam "Kolumbien"]
[BlackTeam "Neuseeland"]
[WhiteTeamCountry "COL"]
[BlackTeamCountry "NZL"]
[TimeControl "40/5400+30:1800+30"]
[WhiteClock "0:28:42"]
[BlackClock "0:17:39"]

1. d4 {(00:00} Nf6 {(00:00} 2. c4 {(00:00} g6 {(
00:00} 3. Nc3 {(00:00} Bg7 {(00:00} 4. e4 {(00:00} d6
{(00:00} 5. f3 {(00:01} O-O {(00:19} 6. Be3 {(
00:03} e5 {(00:51} 7. d5 {(00:09} Nh5 {(02:25} 8. Qd2
{(00:28} f5 {(01:05} 9. O-O-O {(00:25} Nd7 {(01:
43} 10. Bd3 {(04:36} Nc5 {(02:12} 11. Bc2 {(00:13} a5
{(02:09} 12. Nge2 {(00:34} Bd7 {(05:46} 13. Rhg1 {
(03:19} f4 {(05:26} 14. Bf2 {(01:08} Rf7 {(03:
39} 15. Kb1 {(00:37} Qf8 {(02:26} 16. Nc1 {(00:58} Kh8
{(07:38} 17. Rdf1 {(08:15} a4 {(04:25} 18. Qd1 {
(02:03} Qe8 {(01:09} 19. g4 {(08:02} fxg3 {(01:
57} 20. hxg3 {(00:10} b5 {(04:38} 21. Bxc5 {(05:56}
dxc5 {(00:15} 22. cxb5 {(04:06} Bxb5 {(00:34} 23. Bd3 {
(00:38} c4 {(05:36} 24. Be2 {(00:28} Rb8 {(01:
38} 25. a3 {(02:36} Bf8 {(05:33} 26. f4 {(01:21} Bc5 {
(00:36} 27. Rg2 {(05:54} Bd7 {(03:54} 28. f5 {(
06:29} Bd4 {(08:06} 29. N1a2 {(00:54} Qe7 {(10:42} 30.
Ka1 {(05:39} Ng7 {(04:16} 31. fxg6 {(02:41} Rxf1 {
(00:51} 32. Qxf1 {(01:57} hxg6 {(00:23} 33. Rh2+ {
(06:00} Kg8 {(00:06} 34. Bxc4 {(02:45} Qd6 {(00:
19} 35. Nb4 {(02:03} Nh5 {(04:06} 36. Qc1 {(04:48} Qc5
{(04:13} 37. Ne2 {(06:51} Rf8 {(03:30} 38. Nxd4 {
(02:41} Qxd4 {(00:08} 39. Rd2 {(03:56} Qxe4 {(
02:01} 40. d6+ {(00:00} Kg7 {(00:00} 41. dxc7 {(01:20}
Qg4 {(07:19} 42. Qc3 {(02:36} Re8 {(02:16} 43. Be2 {
(06:35} Qe6 {(01:09} 44. Bxh5 {(00:05} gxh5 {(
00:07} 45. Qe3 {(00:19} Qf5 {(03:56} 46. Rf2 {(03:32}
Qg4 {(00:42} 47. Rf1 {(01:00} Kg6 {(02:26} 48. Nd5 {
(01:00} Bf5 {(03:09} 49. Qb6+ {(00:27} Re6 {(01:
12} 50. c8=Q {(00:40} 1-0

[Event "42nd Olympiad Baku 2016 Women"]
[Site "Baku"]
[Date "2016.09.02"]
[Round "1.10"]
[White "Roy, Ali"]
[Black "Goryachkina, Aleksandra"]
[Result "0-1"]
[ECO "A06"]
[WhiteElo "1894"]
[BlackElo "2475"]
[PlyCount "64"]
[EventDate "2016.??.??"]
[EventCountry "AZE"]
[WhiteTeam "Schottland"]
[BlackTeam "Russland"]
[WhiteTeamCountry "SCO"]
[BlackTeamCountry "RUS"]
[TimeControl "40/5400+30:1800+30"]
[WhiteClock "0:02:28"]
[BlackClock "0:35:32"]

1. Nf3 {(00:00} d5 {(00:09} 2. g3 {(00:00} Nf6 {
(04:39} 3. Bg2 {(00:00} e6 {(01:34} 4. O-O {(01:
42} Be7 {(01:03} 5. d3 {(00:48} O-O {(01:13} 6. Nbd2 {
(05:17} c5 {(01:09} 7. e4 {(03:04} Nc6 {(01:03}
8. a4 {(04:14} Qc7 {(03:27} 9. Qe2 {(03:59} b6 {
(02:00} 10. Ne1 {(16:27} Ba6 {(05:19} 11. f4 {(
03:03} Nd4 {(03:18} 12. Qd1 {(02:22} dxe4 {(00:59} 13.
Nxe4 {(01:18} Rad8 {(00:50} 14. Be3 {(05:08} Nf5 {
(03:38} 15. Bf2 {(03:06} c4 {(02:10} 16. Qf3 {(
13:43} cxd3 {(01:11} 17. cxd3 {(02:37} Nd4 {(05:50}
18. Nxf6+ {(05:47} Bxf6 {(00:20} 19. Qe3 {(02:24} Qd6 {
(04:59} 20. Rc1 {(03:53} Rd7 {(01:39} 21. Be4 {(
13:31} Rfd8 {(02:07} 22. Nf3 {(01:16} Nxf3+ {(06:11}
23. Qxf3 {(00:12} Bxb2 {(02:22} 24. Rc6 {(00:58} Qe7 {
(04:38} 25. Rd1 {(03:11} f5 {(05:05} 26. Rb1 {(
02:28} fxe4 {(00:39} 27. dxe4 {(00:53} Bb7 {(01:06}
28. Rc4 {(00:36} Bd4 {(00:14} 29. Rbc1 {(01:06} Bxf2+ {
(00:41} 30. Qxf2 {(00:18} Rd1+ {(00:29} 31. Rxd1 {
(00:05} Rxd1+ {(00:04} 32. Kg2 {(00:06} Qd7 {(
00:22} 0-1

[Event "42nd Olympiad Baku 2016 Women"]
[Site "Baku"]
[Date "2016.09.02"]
[Round "1.4"]
[White "Rubsamen, Anais"]
[Black "Rodshtein, Tereza"]
[Result "0-1"]
[ECO "A07"]
[WhiteElo "1611"]
[BlackElo "2230"]
[PlyCount "60"]
[EventDate "2016.??.??"]
[EventCountry "AZE"]
[WhiteTeam "Monaco"]
[BlackTeam "Tschechien"]
[WhiteTeamCountry "MNC"]
[BlackTeamCountry "CZE"]
[TimeControl "40/5400+30:1800+30"]
[WhiteClock "0:04:05"]
[BlackClock "0:26:40"]

1. Nf3 {(00:00} d5 {(00:00} 2. g3 {(00:00} Nf6 {
(00:00} 3. Bg2 {(00:20} c6 {(00:59} 4. O-O {(00:
13} Bg4 {(00:17} 5. d3 {(01:00} Nbd7 {(00:21} 6. Nbd2
{(00:52} e5 {(01:04} 7. e4 {(01:04} dxe4 {(01:
57} 8. Nxe4 {(00:28} Nxe4 {(00:45} 9. dxe4 {(00:10}
Bc5 {(00:51} 10. h3 {(05:48} Bxf3 {(07:49} 11. Qxf3 {
(01:03} O-O {(00:51} 12. Rd1 {(03:35} Qe7 {(02:
13} 13. Bg5 {(11:02} Qxg5 {(03:24} 14. Rxd7 {(03:24}
Rad8 {(02:01} 15. Rad1 {(02:22} Rxd7 {(00:25} 16. Rxd7
{(00:10} Qc1+ {(00:39} 17. Qd1 {(00:53} Qxb2 {(
00:27} 18. a4 {(04:21} Qb4 {(10:45} 19. Qe2 {(15:14}
a5 {(13:30} 20. c3 {(08:53} Qxc3 {(01:14} 21. Rxb7 {
(00:06} Qxg3 {(05:12} 22. Qc2 {(01:00} Bd4 {(01:
40} 23. Rc7 {(02:48} c5 {(03:56} 24. Qd2 {(04:18} Rb8
{(03:00} 25. Qa2 {(10:06} Bxf2+ {(09:25} 26. Kf1 {
(00:08} c4 {(00:49} 27. Rxc4 {(09:27} Ba7 {(03:
01} 28. Rc7 {(03:30} Qf4+ {(00:19} 29. Ke1 {(00:25}
Qe3+ {(00:16} 30. Kd1 {(08:15} Qg1+ {(01:10} 0-1